 Dungeon Crawl Stone Soup version 0.24-a0-235-g3f03afc (webtiles) character file.

Game seed: 3451373507685879535

1094 xeno23 the Covert (level 8, -5/49 (50) HPs)
             Began as an Octopode Assassin on Apr 7, 2019.
             Killed by divine providence
             ... invoked by an orc priest
              (10 damage)
             ... on level 5 of the Dungeon.
             The game lasted 00:12:00 (4506 turns).

xeno23 the Covert (Octopode Assassin)               Turns: 4506, Time: 00:12:00

HP:   -5/49 (50)    AC:  3    Str: 11    XL:     8   Next: 31%
MP:   8/8           EV: 13    Int: 14    God:
Gold: 192           SH:  0    Dex: 17    Spells: 7/7 levels left

rFire    . . .     SeeInvis .   m - +1 hand axe (elec)
rCold    . . .     Gourm    .   (no shield)
rNeg     . . .     Faith    .   u - +2 hat
rPois    .         Spirit   .   (no amulet)
rElec    .         Reflect  .   w - +3 ring of dexterity
rCorr    .         Harm     .   (no ring)
MR       .....                  (no ring)
Stlth    +++++.....             (no ring)
HPRegen  0.16/turn              (no ring)
MPRegen  0.11/turn              (no ring)
                                (no ring)
                                (no ring)

@: no status effects
A: almost no armour, stealthy swim, amphibious, 8 rings, constrict 8, camouflage
1, gelatinous body 1
a: no special abilities


You were on level 5 of the Dungeon.
You were not hungry.

You visited 1 branch of the dungeon, and saw 5 of its levels.

You collected 192 gold pieces.

Inventory:

Hand Weapons
 a - a +2 dagger
 b - a +0 blowgun
 m - a +1 hand axe of electrocution (weapon)
Missiles
 c - 7 poisoned needles
 d - 2 curare-tipped needles
 j - 3 needles of sleeping
Armour
 u - a +2 hat (worn)
Jewellery
 w - a +3 ring of dexterity (left tentacle)
Scrolls
 e - 2 scrolls of enchant armour {unknown}
 g - a scroll of teleportation {unknown}
 i - 3 scrolls of enchant weapon {unknown}
 k - 3 scrolls of remove curse {unknown}
 l - 3 scrolls of magic mapping {unknown}
 n - 11 scrolls of identify {unknown}
 p - a scroll of noise {unknown}
 v - 2 scrolls of immolation {unknown}
Potions
 h - 2 potions of brilliance {unknown}
 o - 2 potions of heal wounds {unknown}
 q - 2 potions of flight {unknown}
 r - a potion of might {unknown}
 t - a potion of ambrosia {unknown}
Comestibles
 f - 6 rations
 s - 3 chunks of flesh


   Skills:
 - Level 2.0 Fighting
 - Level 2.8 Short Blades
 * Level 7.4 Axes
 - Level 2.0 Throwing
 - Level 1.0 Dodging
 + Level 9.4 Stealth


You had 7 spell levels left.
You didn't know any spells.
Your spell library was empty.

Dungeon Overview and Level Annotations

Branches:
Dungeon (5/15)
 Temple: D:4-7

Altars:
Hepliaklqana
Kikubaaqudgha
Okawaru
Wu Jian

Shops:
D:4 }   D:5 (

Annotations:
D:5 Menkaure


Innate Abilities, Weirdness & Mutations

You cannot wear most types of armour.
You are very stealthy in the water. (Stealth+)
You are amphibious.
You can wear up to eight rings at the same time.
You can use your tentacles to constrict eight enemies at once.
Your skin changes colour to match your surroundings (Stealth+).
Your rubbery body absorbs attacks. (AC +1, EV +1)


Message History

The orc priest invokes the aid of Beogh against you.
Pain shoots through your body!
* * * LOW HITPOINT WARNING * * *
The orc barely misses you.
You take 10 damage.
You closely miss the orc priest. Your grab misses the orc priest.
The orc priest is moderately wounded.
You hit the orc. You hit the hound zombie.
The orc priest hits you with a +0 dagger.
* * * LOW HITPOINT WARNING * * *
The hound zombie bites you.
* * * LOW HITPOINT WARNING * * *
The orc barely misses you.
You take 3 damage.
Okay, then.
Okay, then.
The hound barks!
The orc priest calls down the wrath of Beogh upon you.
Beogh smites you!
You die...

#......###.......##.............
+#......##........###....Z......
....##.........$.####............
...##.......l%......#............
##..............................#
.##.............o....#
.#...........o#h#....#..
.#..#........o##).......
....##.##.....o#@.......
.......#.......Zo.......
#.....................).
........................
........................
..).รท..................#
...[.......<............
#.....................##
#..###...............##


You could see a hound, an orc priest, a hound zombie and a leopard gecko.

Vanquished Creatures
  Sigmund (D:3)
  A sky beast (D:3)
  A necrophage (D:4)
  A bullfrog (D:4)
  A crimson imp (D:4)
  A gnoll shaman (D:4)
  2 orc priests (D:3)
  Crazy Yiuf (D:4)
  A centaur skeleton (D:3)
  A jelly (D:5)
  4 orc wizards
  A worker ant (D:5)
  A hound skeleton (D:4)
  4 worker ant zombies (D:3)
  7 adders
  9 gnolls
  A shadow imp (D:5)
  5 adder skeletons
  5 worms
  A leopard gecko (D:3)
  17 orcs
  7 bats
  3 giant cockroaches
  4 goblins
  9 hobgoblins
  9 jackals
  6 kobolds
  2 quokkas
  2 ball pythons (D:1)
  A ball python skeleton (D:3)
  5 frilled lizards
  A jackal zombie (D:3)
  A leopard gecko skeleton (D:3)
  A leopard gecko zombie (D:3)
  A quokka zombie (D:3)
  6 rats
124 creatures vanquished.

Notes
Turn   | Place    | Note
-------+----------+-------------------------------------------
     0 | D:1      | xeno23 the Octopode Assassin began the quest for the Orb.
     0 | D:1      | Reached XP level 1. HP: 14/14 MP: 1/1
    67 | D:1      | Reached XP level 2. HP: 11/19 MP: 2/2
  1062 | D:2      | Reached XP level 3. HP: 9/24 MP: 3/3
  1177 | D:2      | Reached skill level 1 in Axes
  1442 | D:3      | Reached skill level 6 in Stealth
  1640 | D:3      | Reached XP level 4. HP: 18/29 MP: 4/4
  1866 | D:3      | Reached XP level 5. HP: 7/34 MP: 5/5
  2245 | D:3      | Reached skill level 7 in Stealth
  2400 | D:3      | Noticed a sky beast
  2529 | D:3      | Found an ornate altar of the Wu Jian Council.
  2631 | D:3      | Reached XP level 6. HP: 25/39 MP: 6/6
  2646 | D:3      | Noticed Sigmund
  2788 | D:3      | Killed Sigmund
  2788 | D:3      | Reached skill level 5 in Axes
  2860 | D:3      | Reached XP level 7. HP: 41/45 MP: 7/7
  2893 | D:3      | Found an iron altar of Okawaru.
  3015 | D:3      | Reached skill level 8 in Stealth
  3411 | D:4      | Found Miwiosen's Gadget Shoppe.
  3571 | D:4      | Found a runed translucent door.
  3572 | D:4      | Noticed Crazy Yiuf
  3618 | D:4      | Killed Crazy Yiuf
  3715 | D:4      | Reached skill level 9 in Stealth
  3715 | D:4      | Reached XP level 8. HP: 39/50 MP: 8/8
  4014 | D:4      | Found a hazy altar of Hepliaklqana.
  4014 | D:4      | Found an ancient bone altar of Kikubaaqudgha.
  4333 | D:5      | Entered Level 5 of the Dungeon
  4335 | D:5      | Found Zixy's Weapon Emporium.
  4340 | D:5      | Noticed Menkaure
  4506 | D:5      | Killed from afar by an orc priest

Levels and vault maps discovered:
D:1:      minmay_arrival_four_circles, layout_basic
D:2:      layout_loops_ring, hangedman_decor_push, nrook_uturn
D:3:      layout_basic, lemuel_crystal_altar, nicolae_overflow_crystal_walls,
          serial_undead, serial_undead_a, serial_undead_a, serial_undead_f,
          serial_undead_c, serial_undead_d, serial_undead_d, serial_undead_b,
          serial_undead_d, uniq_sigmund
D:4:      layout_basic, nicolae_overflow_hidden_temple, serial_shops, shop,
          kennysheep_generic_room_5, uniq_crazy_yiuf_cottage
D:5:      layout_cave_pools, nemelex_xobeh_ov_fountains_minmay,
          kennysheep_mini_moat, first_ration, serial_shops, shop,
          guppyfry_early_lair_pool, uniq_menkaure, uniq_ijyb

Skill      XL: |  1  2  3  4  5  6  7  8 |
---------------+-------------------------+-----
Axes           | 2 3 4 5 6 7 |  7.4
Stealth        | 6 7 9 |  9.4
Fighting       | |  2.0
Short Blades   | |  2.8
Throwing       | |  2.0
Dodging        | |  1.0

Action                   |  1- 3 |  4- 6 |  7- 9 || total
-------------------------+-------+-------+-------++-------
Melee: Dagger            |    28 |       |       ||    28
       Constrict         |    17 |    20 |    28 ||    65
       Tentacles         |    11 |    11 |    16 ||    38
       Hand axe          |    30 |    68 |    99 ||   197
       Blowgun           |       |       |     1 ||     1
 Fire: Blowgun           |       |       |     8 ||     8
 Stab: Sleeping          |     9 |     5 |    14 ||    28
  Eat: Chunk             |     2 |     4 |     5 ||    11
Armor: Skin              |     5 |     5 |    18 ||    28
Dodge: Dodged            |    33 |    33 |    63 ||   129

Table legend:
 A = Non-vault XP
 B = Vault XP
 C = Vault XP percentage of total XP
 D = Non-vault monster count
 E = Vault monster count
 F = Vault count percentage of total count
                 A         B        C        D         E       F
            +---------+---------+-------+---------+---------+-------
      Total |    1150 |     413 |  26.4 |     106 |      18 |  14.5
            +---------+---------+-------+---------+---------+-------
        D:1 |      27 |       0 |   0.0 |      18 |       0 |   0.0
        D:2 |      31 |       0 |   0.0 |       7 |       0 |   0.0
        D:3 |     462 |     367 |  44.3 |      40 |      15 |  27.3
        D:4 |     457 |      46 |   9.1 |      25 |       3 |  10.7
        D:5 |     173 |       0 |   0.0 |      16 |       0 |   0.0
            +---------+---------+-------+---------+---------+-------
